 Dungeon Crawl Stone Soup version 0.30-a0-965-g42e074c17a (webtiles) character file.

Game seed: 16815533264339112152

131 Demosthentine the Poker (level 4, 0/35 HPs)
             Began as a Demonspawn Gladiator on Mar 31, 2023.
             Slain by a goblin
             ... wielding a +0 club
             ... led by Robin
              (2 damage)
             ... on level 3 of the Dungeon.
             The game lasted 00:02:16 (1506 turns).

Demosthentine the Poker (Demonspawn Gladiator)      Turns: 1506, Time: 00:02:17

Health: 0/35       AC:  4    Str: 17    XL:     4   Next: 91%
Magic:  4/4        EV: 15    Int:  9    God:
Gold:   89         SH:  0    Dex: 14    Spells: 3/3 levels left

rFire   . . .      SeeInvis .    i - +8 trident of the Octopus King {venom, rElec rPois}
rCold   . . .      Faith    .    (no shield)
rNeg    . . .      Spirit   .    b - +0 leather armour
rPois   +          Reflect  .    c - +0 helmet
rElec   +          Rampage  .    (no cloak)
rCorr   .                        (no gloves)
Will    .....                    (no boots)
Stlth   +                        j - amulet of the acrobat
HPRegen 0.25/turn                (no ring)
MPRegen 0.09/turn                (no ring)

@: lethally poisoned (0 -> -11)
A: claws 1, repulsion field 2
a: no special abilities


You were on level 3 of the Dungeon.
You visited 1 branch of the dungeon, and saw 3 of its levels.

You collected 89 gold pieces.

Inventory:

Hand Weapons
 i - the +8 trident of the Octopus King (weapon) {venom, rElec rPois}
   (You acquired it on level 1 of the Dungeon)

   rElec:     It insulates you from electricity.
   rPois:     It protects you from poison.
Missiles
 d - 3 throwing nets (quivered)
 e - a javelin
Armour
 b - a +0 leather armour (worn)
 c - a +0 helmet (worn)
Jewellery
 j - an amulet of the acrobat (around neck)
Scrolls
 f - a scroll of teleportation
 p - 2 scrolls of magic mapping
Potions
 g - a potion of brilliance
 h - 2 potions of curing
 k - a potion of lignification
 m - a potion of cancellation {unknown}


   Skills:
 + Level 3.0 Fighting
 + Level 3.4 Polearms
 - Level 1.7 Throwing
 + Level 1.9 Armour
 + Level 3.4 Dodging


You had 3 spell levels left.
You didn't know any spells.
Your spell library contained the following spells:

 Spells                   Type           Power      Damage    Failure   Level
 Cigotuvi's Dreadful Rot  Necr/Pois/Air  0%         N/A       58%         2
 Poisonous Vapours        Pois/Air       0%         N/A       58%         2
 Mephitic Cloud           Conj/Pois/Air  0%         N/A       82%         3


Dungeon Overview and Level Annotations

Branches:
Dungeon (3/15)

Altars:

Annotations:
D:3 Robin


Innate Abilities, Weirdness & Mutations

You have sharp fingernails.
You are surrounded by a moderate repulsion field. (EV +3)


Message History

The hobgoblin is almost dead.
You kill the hobgoblin!
A goblin comes into view. It is wielding a +0 club.
The goblin hits you but does no damage. Robin throws the goblin at you!
The goblin barely misses you. The goblin misses you.
Unknown command.
You puncture the goblin!
You kill the goblin!
The goblin barely misses you. Robin barely misses you.
The goblin hits you but does no damage.
Unknown command.
You barely miss the goblin. The goblin hits you with a +0 club.
Robin misses you. The goblin hits you with a +0 dagger.
Unknown command.
You closely miss the goblin. Robin throws the goblin at you!
The goblin barely misses you. The goblin hits you with a +0 club.
Unknown command.
You impale the goblin!!
You kill the goblin!
The goblin no longer looks unusually strong.
The goblin hits you with a +0 club.
The goblin hits you with a +0 dagger of electrocution.
Robin throws the goblin at you! The goblin barely misses you. x2
The goblin misses you. The goblin closely misses you.
The goblin barely misses you.
Robin roars a battlecry!
The goblin goes into a battle-frenzy!
You hit the goblin.
You kill the goblin!
The worm bites you. The goblin misses you. Robin throws the goblin at you!
The goblin hits you with a +0 club.
* * * LOW HITPOINT WARNING * * *
The goblin hits you but does no damage. The goblin barely misses you.
Unknown command.
You barely miss the goblin. The goblin misses you.
The goblin hits you with a +1 dagger of venom.
* * * LOW HITPOINT WARNING * * *
You are lethally poisoned!
The goblin hits you with a +0 club.
You die...

≈≈~≈~~~~≈≈≈
...~..~~..########.
..~~.~..#.)........
#........<.........
........#..!†).....
#.........†.......
#.####.#..........
#.####g#..........
#...)@g#..........
#..gwgg#..........
#..)g..#..........
#......#..........
#................
#?....... ..###....
... #....#


You could see a worm, Robin and 5 goblins.

Vanquished Creatures
  Jessica (D:3)
  An adder (D:2)
  4 gnolls (D:2)
  A worm (D:2)
  2 dart slugs (D:1)
  4 ball pythons
  3 endoplasms
  3 giant cockroaches (D:1)
  6 goblins
  6 hobgoblins
  2 quokkas
  6 bats
  5 kobolds
  5 rats
49 creatures vanquished.

Notes
Turn   | Place    | Note
-------+----------+-------------------------------------------
     0 | D:1      | Demosthentine the Demonspawn Gladiator began the quest for
                  | the Orb.
     0 | D:1      | Reached XP level 1. HP: 16/16 MP: 1/1
   161 | D:1      | Found a faded altar of an unknown god.
   318 | D:1      | Gained mutation: You are surrounded by a mild repulsion
                  | field. (EV +2) [demonic ancestry]
   318 | D:1      | Reached XP level 2. HP: 15/22 MP: 2/2
   563 | D:1      | Reached skill level 1 in Armour
   729 | D:1      | Identified a scroll of acquirement
   729 | D:1      | Acquired the +8 trident of the Octopus King {venom, rElec
                  | rPois}
   729 | D:1      | Found the +8 trident of the Octopus King {venom, rElec
                  | rPois}
   796 | D:2      | Gained mutation: You are surrounded by a moderate repulsion
                  | field. (EV +3) [demonic ancestry]
   796 | D:2      | Reached XP level 3. HP: 28/28 MP: 3/3
   922 | D:2      | Gained mutation: You have sharp fingernails. [demonic
                  | ancestry]
   922 | D:2      | Reached XP level 4. HP: 31/34 MP: 4/4
  1480 | D:3      | Noticed Jessica
  1482 | D:3      | Killed Jessica
  1493 | D:3      | Noticed Robin
  1506 | D:3      | Slain by a goblin

Illustrated notes

Levels and vault maps discovered:
D:1:      matt_arrival_diagonals, layout_basic, ebering_ecumenical_altar_rust
D:2:      layout_basic, hex_large
D:3:      minmay_razor_zed, layout_basic, amethyst_overflow_temple_binary,
          serial_rivers, chequers_serial_rivers_small_3,
          chequers_serial_rivers_small_b, chequers_serial_rivers_small_b,
          chequers_serial_rivers_micro_e, chequers_serial_rivers_micro_b,
          chequers_serial_rivers_micro_d, uniq_ijyb, uniq_jessica, uniq_robin,
          uniq_terence

Skill      XL: |  1  2  3  4 |
---------------+-------------+-----
Armour         | 1 |  1.9
Polearms       | 3 |  3.4
Dodging        | 3 |  3.4
Fighting       | 3 |  3.0
Throwing       | |  1.7

Action                     |  1- 3 |  4- 6 || total
---------------------------+-------+-------++-------
  Melee: Trident           |   116 |    32 ||   148
         Punch             |     1 |       ||     1
    Use: Scroll            |     3 |     5 ||     8
         Potion            |       |     2 ||     2
   Stab: Sleeping          |     2 |     1 ||     3
 Armour: Leather armour    |    31 |     5 ||    36
  Dodge: Dodged            |    95 |    33 ||   128

Table legend: (Time is in decaauts)
 A = Elapsed time spent in this place.
 B = Non-inter-level travel time spent in this place.
 C = Inter-level travel time spent in this place.
 D = Time resting spent in this place.
 E = Time spent auto-exploring this place.
 F = Levels seen in this place.
 G = Mean time per level.
                   A        B        C        D        E       F      G
               +--------+--------+--------+--------+--------+-----+--------+
         Total |   1527 |   1499 |     28 |    126 |   1071 |   3 |  509.0 |
       Dungeon |   1527 |   1499 |     28 |    126 |   1071 |   3 |  509.0 |
               +--------+--------+--------+--------+--------+-----+--------+

Top non-repeatable levels by time:
     D:1: 763 daAuts
     D:2: 735 daAuts
     D:3: 28 daAuts
